 Dungeon Crawl Stone Soup version 0.22-b1-21-g5cfc168 (webtiles) character file.

7347 Lilu the Destroyer (level 10, -3/64 HPs)
             Began as a Deep Elf Conjurer on Aug 3, 2018.
             Was a Priest of Vehumet.
             Slain by a vampire mosquito (7 damage)
             ... on level 10 of the Dungeon.
             The game lasted 00:56:20 (14277 turns).

Lilu the Destroyer (Deep Elf Conjurer)             Turns: 14277, Time: 00:56:20

Health: -3/64      AC:  8    Str:  9    XL:     10   Next: 91%
Magic:  15/28      EV: 13    Int: 26    God:    Vehumet [***...]
Gold:   566        SH:  5    Dex: 15    Spells: 10/19 levels left

rFire    . . .     SeeInvis .   P - +4 war axe of Cocytus {chop, Int+4}
rCold    . . .     Gourm    .   f - +0 buckler
rNeg     . . .     Faith    .   F - +2 robe {MR+}
rPois    .         Spirit   .   r - +2 helmet
rElec    .         Reflect  .   (no cloak)
rCorr    .         Harm     .   (no gloves)
MR       ++...                  t - +0 pair of boots
Stlth    ++........             H - amulet of magic regeneration
HPRegen  0.20/turn              v - +2 ring of strength
MPRegen  0.46/turn              G - ring of magical power

@: no status effects
A: no striking features
a: Renounce Religion


You were on level 10 of the Dungeon.
You worshipped Vehumet.
Vehumet was most pleased with you.
You were not hungry.

You visited 2 branches of the dungeon, and saw 12 of its levels.

You collected 566 gold pieces.

Inventory:

Hand Weapons
 y - a +0 shortbow
 P - the +4 war axe of Cocytus (weapon) {chop, Int+4}
   (You found it on level 9 of the Dungeon)

   It inflicts extra damage upon your enemies.
   It affects your intelligence (+4).
Missiles
 z - 129 arrows
Armour
 f - a +0 buckler (worn)
 r - a +2 helmet (worn)
 t - a +0 pair of boots (worn)
 C - a +2 robe of positive energy
 F - a +2 robe of magic resistance (worn)
Magical Staves
 N - an uncursed staff of air
Jewellery
 h - an uncursed ring of fire
 q - a +3 amulet of reflection
 v - a +2 ring of strength (left hand)
 x - an uncursed ring of wizardry
 G - a ring of magical power (right hand)
 H - an amulet of magic regeneration (around neck)
 O - an uncursed ring of protection from cold
Wands
 n - a wand of random effects (71)
 w - a wand of flame (90)
Scrolls
 b - 3 scrolls of fog {unknown}
 d - 2 scrolls of amnesia {unknown}
 e - 2 scrolls of fear
 g - 3 scrolls of enchant weapon {unknown}
 i - 2 scrolls of enchant armour {unknown}
 j - 3 scrolls of remove curse
 l - 5 scrolls of teleportation {unknown}
 m - 3 scrolls of immolation
 p - 5 scrolls of identify
 A - 3 scrolls of blinking {unknown}
 I - a scroll of noise {unknown}
Potions
 k - a potion of haste
 u - a potion of mutation {unknown}
 B - 3 potions of brilliance {unknown}
 D - a potion of cancellation {unknown}
 E - 2 potions of agility
 L - a potion of curing
 M - a potion of ambrosia {unknown}
 Q - a potion of invisibility {unknown}
Comestibles
 c - 13 rations


   Skills:
 - Level 8.0 Fighting
 - Level 2.4 Dodging
 - Level 2.4 Stealth
 - Level 4.0 Shields
 - Level 5.0 Spellcasting
 - Level 12.0 Conjurations
 + Level 7.5 Fire Magic


You had 10 spell levels left.
You knew the following spells:

 Your Spells              Type           Power        Failure   Level  Hunger
a - Magic Dart            Conj           ####         1%          1    None
b - Searing Ray           Conj           ######       1%          2    None
c - Iskenderun's Mystic   Conj           ######..     1%          4    ###....
d - Throw Flame           Conj/Fire      ######       1%          2    None

Your spell library contained the following spells:

 Spells                   Type           Power        Failure   Level  Hunger
 Lehudib's Crystal Spear  Conj/Erth      #####.....   100%        8    #######
 Fire Storm               Conj/Fire      ######....   100%        9    #######
 Poison Arrow             Conj/Pois      #####.....   24%         6    ######.
 Glaciate                 Conj/Ice       #####.....   100%        9    #######
 Chain Lightning          Conj/Air       #####.....   100%        8    #######
 Fulminant Prism          Conj/Hex       #####.....   1%          4    ###....
 Dazzling Spray           Conj/Hex       #####.       1%          3    #......
 Force Lance              Conj/Tloc      #####...     1%          4    ###....


Dungeon Overview and Level Annotations

Branches:
Dungeon (11/15)            Temple (1/1) D:6
   Lair: D:8-11         Orc: D:9-12

Altars:
Ashenzari
Dithmenos
Elyvilon
Hepliaklqana
Kikubaaqudgha
Makhleb
Okawaru
Sif Muna
Trog
Uskayaw
Vehumet
Yredelemnul
The Shining One

Shops:
D:4 [([*[   D:5 [


Message History

Press: ? - help, Shift-Dir - straight line, f/p - two-headed ogre
Aim: a two-headed ogre, wielding two giant clubs (severely wounded)
The orb of energy hits the two-headed ogre.
You kill the two-headed ogre!
Vehumet accepts your kill.
You feel your power returning.
Your Fire Magic skill increases to level 7!
The orb of energy explodes!
The mystic blast hits the vampire mosquito.
The vampire mosquito is almost destroyed.
The vampire mosquito closely misses you.
Casting: Iskenderun's Mystic Blast (safe; 1% risk of failure)
Confirm with . or Enter, or press ? or * to list all spells.
Aiming: Iskenderun's Mystic Blast (safe; 1% risk of failure)
Press: ? - help, Shift-Dir - straight line, f - vampire mosquito
Aim: a vampire mosquito (almost destroyed)
The orb of energy misses the vampire mosquito.
The vampire mosquito closely misses you.
The vampire mosquito bites you!
You die...

..#######.####### #.### ##
.## #.# #...# ## #.# ###.# .
#.# ########.## #####'#####
#.........# #.........#
###.........# #.........#
#...........#####
#.........###y#.5.......#....
+.........'.@.#...........#
#.........#####.........###
#######'### #.........# ##.#
#.........# ##..# ####.######
#### #..## #.# ...#
##'####### #.# ...#
#........# #.#
...#####........#


You could see a vampire mosquito.

Vanquished Creatures
  2 two-headed ogres
  Pikel (D:3)
  2 trolls (D:10)
  A wyvern (D:10)
  Eustachio (D:5)
  3 vampire mosquitoes (D:9)
  A water moccasin (D:10)
  2 ice beasts
  3 phantoms
  A slave (D:3)
  4 orc warriors
  A sky beast (D:8)
  A necrophage (D:7)
  3 ogres
  4 centaurs
  6 bullfrogs
  3 scorpions
  9 killer bees
  5 crimson imps
  3 bullfrog zombies
  3 jellies
  2 gnoll shamans
  5 orc priests
  A bullfrog skeleton (D:6)
  A hound (D:6)
  A centaur skeleton (D:8)
  Jessica (D:2)
  An iguana (D:6)
  18 orc wizards
  Natasha (thrice) (D:4)
  7 worker ants
  A killer bee zombie (D:6)
  3 hound skeletons
  Robin (D:2)
  3 worker ant zombies
  11 gnolls
  13 adders
  4 shadow imps
  An ooze (D:5)
  2 adder skeletons
  An adder zombie (D:7)
  3 worms
  2 dart slugs
  5 leopard geckos
  46 orcs
  A ball python (D:1)
  7 bats
  4 giant cockroaches
  12 goblins
  15 hobgoblins
  10 jackals
  8 quokkas
  5 frilled lizards
  6 kobolds
  5 rats
268 creatures vanquished.

Notes
Turn   | Place    | Note
-------+----------+-------------------------------------------
     0 | D:1      | Lilu the Deep Elf Conjurer began the quest for the Orb.
     0 | D:1      | Reached XP level 1. HP: 10/10 MP: 6/6
   147 | D:1      | Reached XP level 2. HP: 15/15 MP: 2/8
   171 | D:1      | Reached skill level 5 in Conjurations
   380 | D:1      | Learned a level 2 spell: Searing Ray
  1119 | D:2      | Reached XP level 3. HP: 19/19 MP: 7/9
  1193 | D:2      | Noticed Jessica
  1197 | D:2      | Killed Jessica
  1197 | D:2      | Reached skill level 6 in Conjurations
  1269 | D:2      | Reached XP level 4. HP: 17/24 MP: 4/10
  1476 | D:2      | Noticed Robin
  1526 | D:2      | Killed Robin
  2161 | D:3      | Found a white marble altar of Elyvilon.
  2270 | D:3      | Reached skill level 7 in Conjurations
  2270 | D:3      | Reached XP level 5. HP: 28/28 MP: 6/11
  3212 | D:4      | Found a shadowy altar of Dithmenos.
  3255 | D:4      | Learned a level 4 spell: Iskenderun's Mystic Blast
  3278 | D:4      | Noticed Natasha
  3288 | D:4      | Killed Natasha
  3583 | D:4      | Found Plog's Antique Armour Shop.
  3631 | D:4      | Reached skill level 8 in Conjurations
  3644 | D:5      | Entered Level 5 of the Dungeon
  3738 | D:4      | Reached XP level 6. HP: 29/32 MP: 7/12
  4015 | D:4      | Noticed Natasha
  4026 | D:4      | Killed Natasha
  4130 | D:4      | Found Xaxiod's Armour Emporium.
  4136 | D:4      | Found Ykadgh's Assorted Antiques.
  4184 | D:4      | Reached skill level 9 in Conjurations
  4260 | D:4      | Reached XP level 7. HP: 23/36 MP: 3/13
  4343 | D:4      | Found Otaesm's Weapon Shoppe.
  4535 | D:4      | Found Sonnoboc's Antique Armour Shoppe.
  4574 | D:4      | Found a deep blue altar of Sif Muna.
  4574 | D:4      | Noticed Pikel
  4873 | D:4      | Reached skill level 10 in Conjurations
  5490 | D:5      | Noticed Eustachio
  5773 | D:5      | Found a hazy altar of Hepliaklqana.
  5995 | D:5      | Reached skill level 11 in Conjurations
  5995 | D:5      | Reached XP level 8. HP: 41/41 MP: 6/14
  6087 | D:5      | Killed Eustachio
  6312 | D:5      | Found Tezxute's Antique Armour Shoppe.
  6356 | D:5      | Found a burning altar of Makhleb.
  6356 | D:5      | Noticed a green death
  6359 | D:5      | Noticed an orange demon
  6881 | D:6      | Found a hide-covered altar of Uskayaw.
  6881 | D:6      | Found a shattered altar of Ashenzari.
  7130 | D:6      | Reached skill level 1 in Fighting
  7583 | D:6      | Found a staircase to the Ecumenical Temple.
  7591 | Temple   | Entered the Ecumenical Temple
  7597 | Temple   | Became a worshipper of Vehumet
  7882 | D:6      | Found a glowing golden altar of the Shining One.
  8283 | D:4      | Noticed Natasha
  8327 | D:4      | Killed Natasha
  8327 | D:4      | Reached XP level 9. HP: 9/52 MP: 7/15
  8706 | D:3      | Killed Pikel
  8706 | D:3      | Reached skill level 5 in Fighting
  9113 | D:7      | Reached * piety under Vehumet
  9113 | D:7      | Offered knowledge of Sting by Vehumet.
 11167 | D:8      | Offered knowledge of Throw Flame by Vehumet.
 11171 | D:8      | Learned a level 2 spell: Throw Flame
 11243 | D:8      | Reached ** piety under Vehumet
 11246 | D:8      | Reached XP level 10. HP: 60/64 MP: 2/19
 11479 | D:8      | Reached skill level 5 in Spellcasting
 11479 | D:8      | Reached skill level 12 in Conjurations
 11479 | D:8      | Reached skill level 1 in Fire Magic
 11625 | D:8      | Got a crude quarterstaff
 11945 | D:8      | Noticed a two-headed ogre
 11976 | D:8      | Killed a two-headed ogre
 12757 | D:9      | Offered knowledge of Throw Frost by Vehumet.
 12914 | D:9      | Found a shattered altar of Ashenzari.
 13084 | D:9      | Got a pitted war axe
 13323 | D:10     | Entered Level 10 of the Dungeon
 13501 | D:10     | Reached skill level 5 in Fire Magic
 13692 | D:10     | Reached *** piety under Vehumet
 13810 | D:10     | Noticed a two-headed ogre
 14015 | D:11     | Noticed a white ugly thing
 14228 | D:9      | Identified the +4 war axe of Cocytus {chop, Int+4} (You found it on level 9 of the Dungeon)
 14276 | D:10     | Killed a two-headed ogre
 14277 | D:10     | Slain by a vampire mosquito

Skill      XL: |  1  2  3  4  5  6  7  8  9 10 |
---------------+-------------------------------+-----
Conjurations   | 5 6 7 8 9 11 12 | 12.0
Fighting       | 4 8 |  8.0
Spellcasting   | 4 5 |  5.0
Fire Magic     | 7 |  7.5
Shields        | 4 |  4.0
Dodging        | |  2.4
Stealth        | |  2.4

Action                   |  1- 3 |  4- 6 |  7- 9 | 10-12 || total
-------------------------+-------+-------+-------+-------++-------
Melee: Unarmed           |     2 |       |       |       ||     2
       Quarterstaff      |       |   104 |   172 |     1 ||   277
       Trident           |       |       |       |    66 ||    66
 Fire: Shortbow          |       |       |    17 |       ||    17
Throw: Stone             |       |       |     2 |       ||     2
 Cast: Magic Dart        |    52 |    32 |    35 |    17 ||   136
       Searing Ray       |       |    21 |    56 |     4 ||    81
       Iskenderun's Myst |       |     2 |    24 |    77 ||   103
  Use: Potion            |       |     2 |     3 |       ||     5
       Scroll            |       |     8 |       |     1 ||     9
 Stab: Sleeping          |       |     6 |     3 |     1 ||    10
  Eat: Chunk             |     1 |    10 |    24 |    20 ||    55
       Ration            |       |       |     1 |     1 ||     2
Armor: Robe              |     1 |    30 |    64 |    44 ||   139
Dodge: Dodged            |     3 |    79 |   145 |    83 ||   310
Block: Other             |       |       |    33 |       ||    33
       Buckler           |       |       |       |    27 ||    27
